AoeStats
← byseferoglu

Arena

509762856Analyzed
3v3 RM · 5d ago on Sep 27, 2026· 50m 23s· 6 players
Game mode
Random Map
Map size
Normal (6 player)
Population
200
Speed
Normal
Resources
Standard
Victory
Conquest
Starting age
Dark Age
Ending age
Imperial Age
RankedLock teamsTeams togetherTeam positionsShared explorationLock speedFull tech treeHidden civsTurbo modeCheats
Victory
Defeat
🇺🇸 Danes · United States
951
+11
🇺🇸 Varangians · United States
916
+13
🇺🇸 Cumans · United States
861
+15
🇹🇷 Japanese · Türkiye
869
-14
🇹🇷 Magyars · Türkiye
843
-13
🇹🇷 Chinese · Türkiye
822
-16
R1v3rs
11:48 Feudal Age
16:47 Castle Age
17:01 Double-Bit Axe
16:56 Capped Ram
18:20 Bow Saw
25:32 Wheelbarrow
25:32 Ballistics
25:41 Horse Collar
27:38 Heavy Plow
28:32 Hand Cart
28:39 Hand Cart
29:48 Scale Barding Armor
29:45 Padded Archer Armor
29:41 Fletching
29:53 Padded Archer Armor
31:00 Gold Mining
31:04 Stone Mining
36:36 Imperial Age
36:14 Bloodlines
38:52 Gold Shaft Mining
39:04 Crop Rotation
40:20 Chemistry
40:33 Two-Man Saw
41:44 Cavalier
44:18 Elite Kipchak
46:08 Paladin
Cyan
10:46 Feudal Age
11:40 Double-Bit Axe
15:09 Castle Age
13:39 Horse Collar
15:21 Wheelbarrow
15:05 Gold Mining
15:53 Gambesons
16:09 Squires
18:59 Arson
23:39 Hand Cart
23:28 Stone Mining
23:52 Heavy Plow
29:09 Scale Mail Armor
29:20 Forging
31:43 Imperial Age
29:05 Town Watch
29:05 Loom
29:09 Town Watch
29:49 Hamask
31:48 Ballistics
31:24 Murder Holes
32:33 Gold Shaft Mining
32:33 Stone Shaft Mining
32:28 Thumb Ring
32:20 Fletching
32:35 Scale Barding Armor
33:06 Iron Casting
32:47 Chain Mail Armor
32:32 Cranequins
35:31 Town Patrol
35:56 Bow Saw
35:20 Heavy Mounted Crossbowman
38:04 Chemistry
36:53 Arrowslits
38:59 Bodkin Arrow
39:25 Chain Barding Armor
40:06 Blast Furnace
39:36 Plate Mail Armor
39:59 Conscription
39:01 Elite Varangian Guard
41:53 Elite Jomsviking
43:19 Bracer
43:19 Padded Archer Armor
43:55 Plate Barding Armor
dannyk701
11:38 Feudal Age
15:39 Castle Age
17:46 Wheelbarrow
24:31 Horse Collar
26:28 Town Watch
26:34 Loom
27:04 Hand Cart
29:34 Imperial Age
27:50 Ballistics
27:43 Forging
29:52 Iron Casting
29:23 Scale Barding Armor
29:57 Heavy Plow
31:04 Elite Jarl
32:48 Blast Furnace
33:15 Crop Rotation
35:35 Chemistry
35:29 Chain Barding Armor
35:13 Scale Mail Armor
35:40 Onager
36:56 Capped Ram
38:26 Plate Barding Armor
37:48 Double-Bit Axe
37:53 Siege Ram
Recepkara53
0:31 Loom
11:40 Feudal Age
13:54 Double-Bit Axe
14:00 Horse Collar
21:12 Castle Age
26:40 Gold Mining
26:40 Stone Mining
27:03 Bow Saw
26:55 Heavy Plow
26:52 Stone Mining
33:08 Imperial Age
31:18 Wheelbarrow
31:40 Gold Shaft Mining
32:51 Ballistics
34:28 Elite Samurai
35:35 Kataparuto
38:05 Hand Cart
Mertcan53
0:47 Loom
13:39 Feudal Age
16:04 Wheelbarrow
16:10 Horse Collar
16:19 Double-Bit Axe
21:37 Castle Age
20:08 Stone Mining
20:10 Gold Mining
20:23 Scale Mail Armor
24:05 Bloodlines
24:11 Man-at-Arms
48:03 Castle Age
46:18 Padded Archer Armor
46:24 Scale Barding Armor
46:11 Fletching
49:44 Bow Saw
50:14 Gold Shaft Mining
byseferoglu
10:35 Feudal Age
12:10 Wheelbarrow
14:00 Gold Mining
15:24 Double-Bit Axe
16:19 Horse Collar
18:52 Stone Mining
21:30 Castle Age
23:34 Hand Cart
23:32 Heavy Plow
24:10 Gold Shaft Mining
24:11 Stone Shaft Mining
23:30 Fletching
23:40 Padded Archer Armor
23:40 Scale Mail Armor
23:51 Forging
27:29 Bow Saw
34:21 Imperial Age
32:59 Leather Archer Armor
32:40 Bodkin Arrow
32:55 Forging
33:01 Chain Mail Armor
34:41 Elite Chu Ko Nu
38:35 Ring Archer Armor
38:06 Bracer
38:41 Iron Casting
38:36 Plate Mail Armor
40:13 Pikeman
40:53 Squires
42:00 Halberdier
Connection lost

Rejoining the realm…

Still unreachable

The connection could not be restored.

Session expired

The server has moved on; the page needs a fresh start.